[ AOE2 MATCH · #460433749 ]
UnrankedHuns vs Goths
[ REPLAY ANALYSIS · EXTRACTED FROM THE RECORDED GAME ]
Feudal
—
Castle
—
Imperial
—
| APM avg | 6.1 |
| APM peak | 13 |
| eAPM avg | 5.2 |
| Villagers / military | 32 / 0 |
Focus
⚔️ 6.3% · 🌾 93.7%
Feudal
—
Castle
—
Imperial
—
| APM avg | 15.6 |
| APM peak | 51 |
| eAPM avg | 6.6 |
| Villagers / military | 17 / 0 |
Focus
⚔️ 14.5% · 🌾 85.5%
Feudal
—
Castle
—
Imperial
—
| APM avg | 0.5 |
| APM peak | 7 |
| eAPM avg | 0.5 |
| Villagers / military | 8 / 0 |
Focus
⚔️ 0.0% · 🌾 100.0%
Feudal
12:11
Castle
—
Imperial
—
| APM avg | 9.1 |
| APM peak | 23 |
| eAPM avg | 6.2 |
| Villagers / military | 33 / 0 |
Focus
⚔️ 7.7% · 🌾 92.3%
Feudal
—
Castle
—
Imperial
—
| APM avg | 8.7 |
| APM peak | 18 |
| eAPM avg | 6.9 |
| Villagers / military | 45 / 0 |
Focus
⚔️ 1.4% · 🌾 98.6%
Feudal
—
Castle
—
Imperial
—
| APM avg | 11.3 |
| APM peak | 27 |
| eAPM avg | 4.9 |
| Villagers / military | 20 / 0 |
Focus
⚔️ 19.2% · 🌾 80.8%
Match map
Initial resources + every placement click. Lines = walls · curves = elevation contours. ◆ gold · ⬟ stone · ● berries · ✦ relic · ◌ wall gap
Inputs per minute
— ChrisMoralesPi - - Vatra_3052
Build order — ChrisMoralesPi
41 actions detected in the replay
| 0:12 | Create | Villager (Male) |
| 0:12 | Create | Villager (Male) |
| 0:12 | Create | Villager (Male) |
| 0:13 | Create | Villager (Male) |
| 0:13 | Create | Villager (Male) |
| 0:14 | Research | Loom |
| 2:16 | Create | Villager (Male) |
| 2:16 | Create | Villager (Male) |
| 2:16 | Create | Villager (Male) |
| 3:25 | Create | Villager (Male) |
| 3:25 | Create | Villager (Male) |
| 3:25 | Create | Villager (Male) |
| 4:04 | Build | Mill |
| 4:35 | Create | Villager (Male) |
| 4:36 | Create | Villager (Male) |
| 4:36 | Create | Villager (Male) |
| 4:36 | Create | Villager (Male) |
| 4:36 | Create | Villager (Male) |
| 5:34 | Create | Villager (Male) |
| 5:53 | Create | Villager (Male) |
| 6:54 | Create | Villager (Male) |
| 6:54 | Create | Villager (Male) |
| 6:54 | Create | Villager (Male) |
| 6:55 | Create | Villager (Male) |
| 6:55 | Create | Villager (Male) |
| 7:25 | Create | Villager (Male) |
| 7:43 | Build | Lumber Camp |
| 9:07 | Research | Feudal Age |
| 10:45 | Create | Villager (Male) |
| 10:46 | Create | Villager (Male) |
| 10:46 | Create | Villager (Male) |
| 10:46 | Create | Villager (Male) |
| 10:46 | Create | Villager (Male) |
| 10:47 | Create | Villager (Male) |
| 10:47 | Create | Villager (Male) |
| 10:47 | Create | Villager (Male) |
| 11:49 | Build | Market |
| 11:54 | Build | Blacksmith |
| 12:04 | Build | Mining Camp |
| 12:34 | Build | Farm |
| 12:37 | Build | Farm |
Build order — Vatra_3052
38 actions detected in the replay
| 0:11 | Build | House |
| 0:12 | Build | House |
| 0:13 | Build | House |
| 0:19 | Create | Villager (Male) |
| 0:19 | Create | Villager (Male) |
| 0:19 | Create | Villager (Male) |
| 0:19 | Create | Villager (Male) |
| 1:38 | Create | Villager (Male) |
| 2:10 | Create | Villager (Male) |
| 2:48 | Create | Villager (Male) |
| 2:58 | Create | Villager (Male) |
| 3:40 | Create | Villager (Male) |
| 4:00 | Create | Villager (Male) |
| 4:14 | Create | Villager (Male) |
| 4:35 | Build | Palisade Wall |
| 4:45 | Create | Villager (Male) |
| 4:56 | Build | Lumber Camp |
| 5:00 | Create | Villager (Male) |
| 5:30 | Build | Palisade Wall |
| 5:44 | Build | Palisade Wall |
| 5:52 | Create | Villager (Male) |
| 5:53 | Create | Villager (Male) |
| 6:34 | Build | Palisade Wall |
| 6:43 | Create | Villager (Male) |
| 6:44 | Create | Villager (Male) |
| 6:48 | Build | House |
| 7:24 | Build | Mill |
| 8:17 | Build | Palisade Wall |
| 9:16 | Build | Mining Camp |
| 11:21 | Research | Loom |
| 11:28 | Research | Feudal Age |
| 12:44 | Build | Farm |
| 12:55 | Build | Farm |
| 13:00 | Build | Farm |
| 13:07 | Build | Farm |
| 13:13 | Build | Farm |
| 13:20 | Build | Farm |
| 13:30 | Build | House |
Build order — CashSnoW
4 actions detected in the replay
| 0:04 | Create | Villager (Male) ×4 |
| 0:04 | Create | Villager (Male) ×4 |
| 0:06 | Build | House |
| 0:10 | Build | House |
Build order — TC:Dextrose
53 actions detected in the replay
| 0:03 | Research | Loom |
| 0:12 | Build | House |
| 0:13 | Build | House |
| 0:14 | Build | House |
| 0:51 | Create | Villager (Male) ×4 |
| 2:11 | Create | Villager (Male) |
| 2:42 | Create | Villager (Male) |
| 2:54 | Create | Villager (Male) |
| 3:03 | Build | Mill |
| 3:13 | Create | Villager (Male) |
| 3:46 | Create | Villager (Male) |
| 4:08 | Create | Villager (Male) |
| 4:21 | Create | Villager (Male) |
| 4:41 | Create | Villager (Male) |
| 4:52 | Create | Villager (Male) |
| 5:18 | Create | Villager (Male) |
| 5:21 | Create | Villager (Male) |
| 6:04 | Create | Villager (Male) |
| 6:04 | Create | Villager (Male) |
| 6:11 | Build | House |
| 6:12 | Build | House |
| 6:14 | Build | House |
| 6:18 | Create | Villager (Male) |
| 6:31 | Create | Villager (Male) |
| 6:31 | Create | Villager (Male) |
| 7:05 | Create | Villager (Male) |
| 7:06 | Create | Villager (Male) |
| 7:06 | Create | Villager (Male) |
| 7:06 | Create | Villager (Male) |
| 7:27 | Build | House |
| 7:31 | Create | Villager (Male) |
| 7:49 | Create | Villager (Male) |
| 7:50 | Create | Villager (Male) |
| 8:04 | Build | Lumber Camp |
| 8:29 | Build | House |
| 9:10 | Build | House |
| 9:27 | Build | Palisade Wall |
| 9:33 | Create | Villager (Male) |
| 9:33 | Create | Villager (Male) |
| 10:00 | Research | Feudal Age |
| 10:16 | Build | House |
| 11:04 | Build | Lumber Camp |
| 11:25 | Build | Mining Camp |
| 12:11 | Age | Feudal Age |
| 12:34 | Research | Wheelbarrow |
| 12:38 | Research | Horse Collar |
| 12:42 | Research | Double-Bit Axe |
| 12:46 | Create | Villager (Male) |
| 12:47 | Create | Villager (Male) |
| 13:01 | Research | Gold Mining |
| 13:01 | Research | Stone Mining |
| 13:05 | Create | Villager (Male) |
| 13:05 | Create | Villager (Male) |
Build order — Roarindragon381
61 actions detected in the replay
| 0:16 | Build | House |
| 0:40 | Create | Villager (Male) |
| 0:41 | Create | Villager (Male) |
| 0:42 | Create | Villager (Male) |
| 0:42 | Create | Villager (Male) |
| 0:42 | Create | Villager (Male) |
| 0:43 | Create | Villager (Male) |
| 0:45 | Research | Loom |
| 1:29 | Build | House |
| 1:37 | Build | House |
| 1:41 | Build | House |
| 2:27 | Create | Villager (Male) |
| 2:27 | Create | Villager (Male) |
| 3:12 | Create | Villager (Male) |
| 3:12 | Create | Villager (Male) |
| 3:12 | Create | Villager (Male) |
| 3:13 | Create | Villager (Male) |
| 3:43 | Create | Villager (Male) |
| 3:44 | Create | Villager (Male) |
| 4:28 | Create | Villager (Male) |
| 4:28 | Create | Villager (Male) |
| 5:22 | Create | Villager (Male) |
| 5:22 | Create | Villager (Male) |
| 5:22 | Create | Villager (Male) |
| 5:23 | Create | Villager (Male) |
| 5:23 | Create | Villager (Male) |
| 5:45 | Build | Mill |
| 6:28 | Create | Villager (Male) |
| 6:28 | Create | Villager (Male) |
| 6:28 | Create | Villager (Male) |
| 6:29 | Create | Villager (Male) |
| 6:53 | Create | Villager (Male) |
| 6:53 | Create | Villager (Male) |
| 6:54 | Create | Villager (Male) |
| 7:20 | Create | Villager (Male) |
| 7:20 | Create | Villager (Male) |
| 7:20 | Create | Villager (Male) |
| 7:20 | Create | Villager (Male) |
| 7:21 | Create | Villager (Male) |
| 7:40 | Create | Villager (Male) |
| 7:40 | Create | Villager (Male) |
| 7:41 | Create | Villager (Male) |
| 7:57 | Create | Villager (Male) |
| 7:57 | Create | Villager (Male) |
| 7:57 | Create | Villager (Male) |
| 8:55 | Build | Lumber Camp |
| 9:13 | Build | House |
| 9:19 | Create | Villager (Male) |
| 9:20 | Create | Villager (Male) |
| 9:20 | Create | Villager (Male) |
| 9:20 | Create | Villager (Male) |
| 9:43 | Build | Farm |
| 10:24 | Create | Villager (Male) |
| 10:25 | Create | Villager (Male) |
| 10:54 | Research | Feudal Age |
| 11:09 | Build | Mining Camp |
| 12:02 | Build | Farm |
| 12:18 | Build | House |
| 12:50 | Build | Farm |
| 12:59 | Build | Farm |
| 13:30 | Build | Farm |
Build order — 所以狼
38 actions detected in the replay
| 0:02 | Create | Villager (Male) |
| 0:02 | Create | Villager (Male) |
| 0:03 | Create | Villager (Male) |
| 0:03 | Create | Villager (Male) |
| 0:03 | Create | Villager (Male) |
| 0:03 | Create | Villager (Male) |
| 0:04 | Create | Villager (Male) |
| 0:04 | Create | Villager (Male) |
| 0:04 | Create | Villager (Male) |
| 0:12 | Build | House |
| 2:29 | Create | Villager (Male) |
| 2:59 | Build | Palisade Wall |
| 3:23 | Create | Villager (Male) |
| 3:43 | Build | Outpost |
| 4:00 | Build | Outpost |
| 4:10 | Create | Villager (Male) |
| 4:28 | Build | Palisade Wall |
| 4:41 | Create | Villager (Male) |
| 4:56 | Build | House |
| 5:09 | Build | Palisade Wall |
| 6:36 | Build | Palisade Wall |
| 6:40 | Create | Villager (Male) |
| 6:48 | Build | House |
| 7:26 | Build | Palisade Wall |
| 7:36 | Create | Villager (Male) |
| 7:43 | Build | Mill |
| 7:56 | Build | Palisade Wall |
| 8:06 | Build | Palisade Wall |
| 8:13 | Create | Villager (Male) |
| 8:48 | Build | Outpost |
| 9:00 | Create | Villager (Male) |
| 9:12 | Build | Outpost |
| 9:24 | Create | Villager (Male) |
| 9:53 | Build | Palisade Wall |
| 10:20 | Build | Palisade Wall |
| 10:34 | Build | Palisade Wall |
| 10:43 | Create | Villager (Male) |
| 10:43 | Create | Villager (Male) |
Match timeline
| 0:53 | CashSnoW · resign |
| 2:59 | 所以狼 · wall_segment Palisade Wall x12 |
| 4:28 | 所以狼 · wall_segment Palisade Wall x11 |
| 4:35 | Vatra_3052 · wall_segment Palisade Wall x8 |
| 5:09 | 所以狼 · wall_segment Palisade Wall x11 |
| 5:30 | Vatra_3052 · wall_segment Palisade Wall x1 |
| 5:44 | Vatra_3052 · wall_segment Palisade Wall x1 |
| 6:34 | Vatra_3052 · wall_segment Palisade Wall x10 |
| 6:36 | 所以狼 · wall_segment Palisade Wall x9 |
| 7:26 | 所以狼 · wall_segment Palisade Wall x9 |
| 7:56 | 所以狼 · wall_segment Palisade Wall x9 |
| 8:06 | 所以狼 · wall_segment Palisade Wall x9 |
| 8:17 | Vatra_3052 · wall_segment Palisade Wall x4 |
| 9:27 | TC:Dextrose · wall_segment Palisade Wall x10 |
| 9:53 | 所以狼 · wall_segment Palisade Wall x11 |
| 10:20 | 所以狼 · wall_segment Palisade Wall x5 |
| 10:34 | 所以狼 · wall_segment Palisade Wall x13 |
| 12:11 | TC:Dextrose · age_up feudal |
[ AI ANALYSIS · 1 CREDIT ]
What really happened in this match?
Wolo.gg analyzes every decision: build order, eco, micro, common mistakes by bracket. Personalized analysis on WhatsApp or Discord in 30 seconds.
Civ guide
Huns
Perfil
Jugador #6130533